 Dungeon Crawl Stone Soup version 0.31-a0-229-g1fc7ce93e2 (webtiles) character file.

Game seed: 6009969209707951798

119 qw the Shooter (level 4, -2/37 HPs)
             Began as a Minotaur Hexslinger on July 6, 2023.
             Slain by a gnoll
             ... wielding a +0 halberd
             ... led by a gnoll bouda
              (11 damage)
             ... on level 3 of the Dungeon.
             The game lasted 00:00:40 (1434 turns).

qw the Shooter (Minotaur Hexslinger)                Turns: 1434, Time: 00:00:41

Health: -2/37      AC: 11    Str: 12    XL:     4   Next: 74%
Magic:  4/4        EV: 11    Int: 10    God:
Gold:   109        SH:  0    Dex: 15    Spells: 4/5 levels left

rFire   + . .        Y - +1 sling
rCold   + . .        (no shield)
rNeg    . . .        j - +4 ring mail {rC+}
rPois   .            (helmet restricted)
rElec   .            (no cloak)
rCorr   .            b - +0 pair of gloves
SInv    .            d - +0 pair of boots
Will    .....        (no amulet)
Stlth   +            f - ring of protection from fire
HPRegen 0.26/turn    (no ring)
MPRegen 0.09/turn

%: no passive effects
@: weakened
A: horns 2, retaliatory headbutt
a: no special abilities


You were on level 3 of the Dungeon.
You visited 1 branch of the dungeon, and saw 3 of its levels.

You collected 109 gold pieces.


Innate Abilities, Weirdness & Mutations

You have a pair of horns on your head.
You reflexively headbutt those who attack you in melee.


   Skills:
 + Level 2.4 Fighting
 - Level 5.0 Ranged Weapons
 - Level 1.1 Armour
 - Level 2.1 Dodging
 - Level 1.0 Spellcasting
 - Level 2.0 Hexes


You had 4 spell levels left.
You knew the following spells:

 Your Spells              Type           Power      Damage    Failure   Level
a - Slow                  Hex            16%        N/A       34%         1

Your spell library contained the following spells:

 Spells                   Type           Power      Damage    Failure   Level
 Inner Flame              Hex/Fire       2%         N/A       83%         3
 Portal Projectile        Hex/Tloc       4%         N/A       83%         3
 Cause Fear               Hex            2%         N/A       98%         4

Inventory:

Hand Weapons
 Y - a +1 sling (weapon)
Armour
 b - a +0 pair of gloves (worn)
 d - a +0 pair of boots (worn)
 j - a +4 ring mail of cold resistance (worn)
Jewellery
 f - a ring of protection from fire (left hand)
Scrolls
 a - a scroll of identify
Potions
 e - a potion of might {unknown}
 g - a potion of magic {unknown}
 k - a potion of curing {unknown}

Dungeon Overview and Level Annotations

Branches:
Dungeon (3/15)

Altars:
Makhleb


Message History

The sling bullet barely misses the gnoll.
A gnoll comes into view. It is wielding a +0 halberd.
The gnoll bouda gazes fiercely through you!
You feel as though you will be weak longer.
The gnoll barely misses you.
You shoot a sling bullet. The sling bullet hits the gnoll!
You kill the gnoll!
A gnoll comes into view. It is wielding a +0 halberd.
The gnoll hits you from afar with a +0 spear.
You shoot a sling bullet.
The sling bullet closely misses the gnoll bouda.
The sling bullet closely misses the gnoll.
The sling bullet completely misses the gnoll.
The gnoll shouts!
The gnoll throws a throwing net.
The throwing net misses you.
You shoot a sling bullet.
The sling bullet barely misses the gnoll bouda.
The gnoll bouda barely misses you. The gnoll hits you but does no damage.
The gnoll completely misses you. The gnoll misses you. You furiously retaliate!
You headbutt the gnoll, but do no damage.
The gnoll bouda closely misses you.
You shoot a sling bullet.
The sling bullet closely misses the gnoll bouda.
The gnoll hits you from afar with a +0 spear.
The gnoll hits you but does no damage. The gnoll hits you with a +0 whip!
The gnoll closely misses you.
A dart slug comes into view.
The gnoll bouda closely misses you. The gnoll closely misses you.
The gnoll completely misses you. The gnoll hits you but does no damage.
You shoot a sling bullet.
The sling bullet barely misses the gnoll bouda.
The gnoll closely misses you.
The gnoll bouda hits you with a +0 whip!
The gnoll misses you.
The gnoll hits you from afar with a +0 halberd.
The gnoll barely misses you.
You shoot a sling bullet.
The sling bullet hits the gnoll bouda but does no damage.
The gnoll hits you from afar with a +0 halberd!
You die...

.................#
#...............#
#...............#
...........#####
..........#
.........#####
.........(..#
............#
.........@g.#
.........g..#
#.......ggg.#
#...........#
#........%...
#.............
........w.....
..............


You could see a gnoll bouda, 4 gnolls and a dart slug.

Vanquished Creatures
  An orc priest (D:3)
  A gnoll (D:3)
  3 adders (D:2)
  A dart slug (D:1)
  3 orcs (D:3)
  7 ball pythons
  2 endoplasms (D:1)
  4 goblins
  3 hobgoblins
  4 jackals (D:1)
  5 kobolds
  A quokka (D:1)
  6 bats
  2 frilled lizards (D:1)
  8 rats
51 creatures vanquished.

Notes
Turn   | Place    | Note
-------+----------+-------------------------------------------
     0 | D:1      | qw the Minotaur Hexslinger began the quest for the Orb.
     0 | D:1      | Reached XP level 1. HP: 16/16 MP: 1/1
     0 | D:1      | 0 ||| qw: Version: 0.3-a-46-gb1f654a
     0 | D:1      | 0 ||| qw: Game counter: 1391
     0 | D:1      | 0 ||| qw: Melee chars always use a shield: true
     0 | D:1      | 0 ||| qw: God list: Okawaru
     0 | D:1      | 0 ||| qw: Allow faded altars: false
     0 | D:1      | 0 ||| qw: Do Orc after clearing Dungeon:15 true
     0 | D:1      | 0 ||| qw: Do second Lair branch before Depths: true
     0 | D:1      | 0 ||| qw: Lair rune preference: random
     0 | D:1      | 0 ||| qw: Goals: Normal
     0 | D:1      | 0 ||| PLANNING D:1-11
    74 | D:1      | Reached skill level 3 in Ranged Weapons
    74 | D:1      | Reached XP level 2. HP: 23/23 MP: 2/2
   417 | D:1      | You fall into a shaft and drop 1 floor!
   417 | D:2      | Found a burning altar of Makhleb.
   460 | D:2      | Reached XP level 3. HP: 29/29 MP: 3/3
   510 | D:2      | 510 ||| UPGRADING to +0 pair of boots.
   515 | D:2      | 515 ||| DROPPING scarf of shadows.
   516 | D:2      | 516 ||| UPGRADING to +0 leather armour.
   526 | D:2      | 526 ||| DROPPING +0 robe.
   527 | D:2      | 527 ||| UPGRADING to +4 ring mail of cold resistance.
   537 | D:2      | 537 ||| DROPPING +0 leather armour.
   538 | D:2      | 538 ||| READING scroll labelled UCYJEA LIUKH.
   539 | D:2      | 539 ||| READING scroll labelled LUVOTS GEXTUSO.
   540 | D:2      | 540 ||| DROPPING scroll of poison.
   544 | D:2      | Reached skill level 4 in Ranged Weapons
   549 | D:2      | Reached skill level 1 in Armour
   881 | D:1      | 881 ||| UPGRADING to +0 pair of gloves.
   886 | D:1      | 886 ||| READING 2 scrolls of identify.
   886 | D:1      | 886 ||| IDENTIFYING sedimented emerald potion
   943 | D:2      | Reached XP level 4. HP: 36/36 MP: 4/4
  1255 | D:2      | 1255 ||| UPGRADING to ring of protection from fire.
  1256 | D:2      | 1256 ||| READING scroll labelled HOSHA ADUHOTUX.
  1257 | D:2      | 1257 ||| READING scroll labelled BAYLLU XEDD.
  1307 | D:3      | 1307 ||| Stepping ~*~*~tactically~*~*~ (outnumbered).
  1309 | D:3      | 1309 ||| Stepping ~*~*~tactically~*~*~ (outnumbered).
  1321 | D:3      | HP: 8/36 [orc priest/+0 short sword (3)]
  1322 | D:3      | 1322 ||| DRINKING potion of heal wounds.
  1331 | D:3      | Reached skill level 5 in Ranged Weapons
  1433 | D:3      | HP: 9/37 [gnoll/+0 halberd[a gnoll bouda] (3)]
  1434 | D:3      | Slain by a gnoll

Levels and vault maps discovered:
D:1:      grunt_arrival_crossed_arrows, layout_loops_ring, minmay_ruptured
D:2:      cheibrodos_old_hovel, layout_rooms, basic_altar
D:3:      layout_basic, ebering_ecumenical_altar_petrified

Skill      XL: |  1  2  3  4 |
---------------+-------------+-----
Ranged Weapons | 3 4 5 |  5.0
Fighting       | 2 |  2.4
Armour         | 1 |  1.1
Dodging        | |  2.1
Spellcasting   | |  1.0
Hexes          | |  2.0

Action                     |  1- 3 |  4- 6 || total
---------------------------+-------+-------++-------
   Fire: Sling             |    99 |    49 ||   148
    Use: Scroll            |     3 |     2 ||     5
         Potion            |       |     1 ||     1
 Armour: Robe              |    12 |       ||    12
         Ring mail         |     4 |    22 ||    26
  Dodge: Dodged            |    26 |    42 ||    68

Table legend:
 A = Non-vault XP
 B = Vault XP
 C = Vault XP percentage of total XP
 D = Non-vault monster count
 E = Vault monster count
 F = Vault count percentage of total count
                 A         B        C        D         E       F
            +---------+---------+-------+---------+---------+-------
      Total |     156 |      15 |   8.8 |      48 |       3 |   5.9
            +---------+---------+-------+---------+---------+-------
        D:1 |      47 |       2 |   4.1 |      29 |       2 |   6.5
        D:2 |      39 |      13 |  25.0 |      10 |       1 |   9.1
        D:3 |      70 |       0 |   0.0 |       9 |       0 |   0.0
            +---------+---------+-------+---------+---------+-------
